 Dungeon Crawl Stone Soup version 0.31-a0-149-g3fdcc5976a (webtiles) character file.

Game seed: 6076245862460700439

449 jlumianski the Magician (level 7, -4/41 HPs)
             Began as a Djinni Fire Elementalist on June 7, 2023.
             Was a Follower of Makhleb.
             Slain by a lemure (7 damage)
             ... led by Pikel
             ... on level 4 of the Dungeon.
             The game lasted 00:17:38 (2588 turns).

jlumianski the Magician (Djinni Fire Elementalist)  Turns: 2588, Time: 00:17:38

Health: -4/41      AC:  3    Str:  6    XL:     7   Next: 25%
Gold:   198        EV: 14    Int: 17    God:    Makhleb [*.....] SH:  0 Dex: 18

rFire   + + +        i - +3 dagger
rCold   . . .        (no shield)
rNeg    . . .        a - +0 robe
rPois   ∞            v - +0 helmet
rElec   +            (no cloak)
rCorr   +            (no gloves)
SInv    .            (boots unavailable)
Will    .....        (no amulet)
Stlth   +++          h - +4 ring of slaying
HPRegen 0.26/turn    m - ring of resist corrosion
MPRegen 0.00/turn

%: infuse magic (-5 HP)
@: resistant, flying
A: sickness immunity, fire resistance 2, cold vulnerability 1, float, innate
caster, HP casting, extra vitality 1, agile 1, frail 1
a: Renounce Religion


You were on level 4 of the Dungeon.
You worshipped Makhleb.
Makhleb was aware of your devotion.
You visited 2 branches of the dungeon, and saw 6 of its levels.

You collected 198 gold pieces.

Inventory:

Hand Weapons
 f - a +0 dagger
 i - a +3 dagger (weapon)
Missiles
 p - 12 poisoned darts
 z - 3 boomerangs
Armour
 a - a +0 robe (worn)
 o - a scarf of harm
 r - a scarf of shadows
 v - a +0 helmet (worn)
Jewellery
 h - a +4 ring of slaying (left hand)
 m - a ring of resist corrosion (right hand)
Scrolls
 b - a scroll of butterflies {unknown}
 e - a scroll of teleportation {unknown}
 l - 2 scrolls of identify {unknown}
 n - 2 scrolls of enchant armour {unknown}
 q - 2 scrolls of noise {unknown}
 s - a scroll of magic mapping {unknown}
 u - 3 scrolls of enchant weapon {unknown}
 x - 2 scrolls of immolation {unknown}
 y - a scroll of fear {unknown}
Potions
 d - a potion of might {unknown}
 g - a potion of resistance
 j - a potion of attraction {unknown}
 k - a potion of curing {unknown}
 t - a potion of brilliance {unknown}
 w - a potion of degeneration {unknown}


   Skills:
 + Level 0.7 Fighting
 + Level 1.5 Short Blades
 + Level 3.8 Dodging
 + Level 3.3 Stealth
 * Level 4.7 Spellcasting
 * Level 4.7 Conjurations
 * Level 4.7 Hexes
 * Level 4.7 Summonings
 * Level 4.7 Necromancy
 * Level 4.7 Translocations
 * Level 4.7 Transmutations
 * Level 4.7 Fire Magic
 * Level 4.7 Ice Magic
 * Level 4.7 Air Magic
 * Level 4.7 Earth Magic
 * Level 4.7 Poison Magic


You knew the following spells:

 Your Spells              Type           Power      Damage    Failure   Level
a - Foxfire               Conj/Fire      80%        2x1d8     1%          1
b - Scorch                Fire           40%        2d6       3%          2
c - Volatile Blastmotes   Fire/Tloc      40%        2d13      6%          3
d - Inner Flame           Hex/Fire       20%        N/A       6%          3
e - Flame Wave            Conj/Fire      20%        2d7       21%         4
f - Sting                 Tmut/Pois      80%        1d7       1%          1
g - Lesser Beckoning      Tloc           40%        N/A       3%          2
h - Dazzling Flash        Conj/Hex       40%        N/A       6%          3
Your spell library was empty.

Dungeon Overview and Level Annotations

Branches:
Dungeon (5/15)             Temple (1/1) D:4

Altars:
Ashenzari
Dithmenos
Elyvilon
Gozag
Makhleb
Okawaru
Qazlal
Ru
Trog
Xom
Zin

Annotations:
D:4 Eustachio
D:5 Pikel


Innate Abilities, Weirdness & Mutations

You are immune to sickness and miasma.
You are immune to poison.
Your flesh is very heat resistant. (rF++)
You are vulnerable to cold. (rC-)
You float through the air rather than walking.
You learn spells naturally, not from books.
Your magical power is your life essence.
You have superior vitality. (+4 MHP)
You are agile. (Dex +4, Str/Int -1)
You are frail. (-10% HP)


Message History

Press: ? - help, Dir - look around, f - activate A wave of flame ripples out!
The flame wave engulfs the lemure!
The lemure is moderately wounded.
The flame wave engulfs the lemure but does no damage.
The flame wave engulfs Eustachio!
Eustachio is heavily wounded. (Press . to intensify the flame waves.)
* * * LOW HITPOINT WARNING * * *
The lemure closely misses you. The lemure misses you.
Eustachio mumbles some strange words.
A wave of flame ripples out!
The flame wave engulfs the lemure.
The lemure is heavily wounded.
The flame wave engulfs the lemure!
The lemure is moderately wounded.
The flame wave engulfs Eustachio!
Eustachio is severely wounded.
The flame wave engulfs the bat!
You kill the bat!
The bat's corpse disappears in a puff of smoke!
* * * LOW HITPOINT WARNING * * *
The lemure misses you. The lemure hits you but does no damage.
Eustachio hits you with a +1 rapier of freezing.
* * * LOW HITPOINT WARNING * * *
Eustachio freezes you.
* * * LOW HITPOINT WARNING * * *
Okay, then.
It was a potion of resistance.
You feel protected.
The lemure is no longer blind. x2; The lemure hits you but does no damage.
The lemure hits you.
* * * LOW HITPOINT WARNING * * *
Eustachio closely misses you.
Casting: Flame Wave (quite dangerous; 19% risk of failure)
Confirm with . or Enter, or press ? or * to list all spells.
Okay, then.
Unknown command.
It was a potion of mutation.
You feel extremely strange.
You feel frail.
You feel agile. The lemure hits you!
You die...

###### #.# #####.### #....#
#.# #...# ##.##.# #.# ###.#.##
###...#.####### ##.## #.......
#.............###...###.8.8.8.
#.#.<.#.###.....[........⌠.⌠..
# ##.##.# #.#.###...###.8.>.8.
#.##.# #>#5# ##.## #..⌠.⌠..
#.##.# #.#@####.# #..8.8.8.
#.##.# #.#5@b...# #........
#.##.# #.######## #....####
#.##.# #.# ......# #.# ...
####..## #.# #.♣ #.# #.


You could see Eustachio, 2 lemures and a bat (summoned).

Vanquished Creatures
  Grinder (D:3)
  A lemure (D:4)
  A jelly (D:4)
  Natasha (thrice) (D:3)
  An orc wizard (D:3)
  Robin (D:3)
  4 adders
  2 worms
  A dart slug (D:1)
  4 orcs
  7 bats
  2 endoplasms
  3 giant cockroaches
  9 goblins
  17 hobgoblins
  4 quokkas (D:1)
  3 ball pythons (D:3)
  3 frilled lizards
  4 kobolds
  4 rats
75 creatures vanquished.

Vanquished Creatures (others)
  192 foxfires
192 creatures vanquished.

Grand Total: 267 creatures vanquished

Notes
Turn   | Place    | Note
-------+----------+-------------------------------------------
     0 | D:1      | jlumianski the Djinni Fire Elementalist began the quest for
                  | the Orb.
     0 | D:1      | jlumianski set off with the following spells memorised:
                  | Foxfire, Scorch, Volatile Blastmotes, Inner Flame, Flame
                  | Wave.
     0 | D:1      | Reached XP level 1. HP: 15/15 MP: 0/0
   179 | D:1      | Reached XP level 2. HP: 21/21 MP: 0/0
   375 | D:1      | Reached XP level 3. HP: 20/25 MP: 0/0
   375 | D:1      | Learned a level 1 spell: Sting
   826 | D:2      | Reached XP level 4. HP: 29/31 MP: 0/0
  1175 | D:4      | Found a staircase to the Ecumenical Temple.
  1184 | Temple   | Entered the Ecumenical Temple
  1199 | Temple   | Became a worshipper of Makhleb the Destroyer
  1340 | D:3      | Noticed Natasha
  1349 | D:3      | Killed Natasha
  1350 | D:3      | Reached XP level 5. HP: 24/35 MP: 0/0
  1350 | D:3      | Learned a level 2 spell: Lesser Beckoning
  1442 | D:3      | Noticed Natasha
  1450 | D:3      | Killed Natasha
  1559 | D:3      | Noticed Robin
  1588 | D:3      | Killed Robin
  1705 | D:3      | Noticed Natasha
  1706 | D:3      | Reached * piety under Makhleb
  1712 | D:3      | Killed Natasha
  1713 | D:3      | Reached XP level 6. HP: 20/40 MP: 0/0
  1878 | D:3      | Reached skill level 1 in Short Blades
  2092 | D:3      | Found an iron altar of Okawaru.
  2123 | D:3      | Noticed Grinder
  2123 | D:3      | Paralysed by Grinder for 4 turns
  2155 | D:3      | Paralysed by Grinder for 3 turns
  2164 | D:3      | Killed Grinder
  2165 | D:3      | Reached XP level 7. HP: 16/46 MP: 0/0
  2165 | D:3      | Learned a level 3 spell: Dazzling Flash
  2502 | D:5      | Entered Level 5 of the Dungeon
  2517 | D:5      | Noticed Eustachio
  2521 | D:5      | Noticed Pikel
  2588 | D:4      | Gained mutation: You are frail. (-10% HP) [potion of
                  | mutation]
  2588 | D:4      | Gained mutation: You are agile. (Dex +4, Str/Int -1)
                  | [potion of mutation]
  2588 | D:4      | Slain by a lemure

Illustrated notes

Levels and vault maps discovered:
D:1:      lordsloth_arrival_two_stooges, layout_rooms, serial_rivers,
          chequers_serial_rivers_micro_a, chequers_serial_rivers_room_b,
          chequers_serial_rivers_room_b, chequers_serial_rivers_micro_c,
          chequers_serial_rivers_micro_d, minmay_misc_feat_enclosed
D:2:      layout_rooms
D:3:      layout_loops_ring, okawaru_metal_pillars_3, grunt_decor_fettered,
          minmay_cut_off, uniq_grinder, uniq_robin, uniq_natasha
D:4:      layout_loops_ring, minmay_temple_entry_statues_fountains,
          serial_forest, infiniplex_forest_straight_2,
          infiniplex_forest_corner_1, infiniplex_forest_lined_4_way,
          infiniplex_forest_lined_room_2, serial_shops, kennysheep_mini,
          uniq_ijyb, uniq_crazy_yiuf_cottage
D:5:      layout_rooms, chequers_temple_overflow_minitemple,
          mainiacjoe_overflow_divided_tiny, serial_park_tiny_pond,
          minmay_misc_feat_diagonals, small_statue_alley_b, uniq_menkaure,
          uniq_pikel, uniq_sigmund, uniq_eustachio
Temple:   minmay_freezing_vapour_temple

Skill      XL: |  1  2  3  4  5  6 |
---------------+-------------------+-----
Spellcasting   | 4 |  4.7
Conjurations   | 4 |  4.7
Hexes          | 4 |  4.7
Summonings     | 4 |  4.7
Necromancy     | 4 |  4.7
Translocations | 4 |  4.7
Transmutations | 4 |  4.7
Fire Magic     | 4 |  4.7
Ice Magic      | 4 |  4.7
Air Magic      | 4 |  4.7
Earth Magic    | 4 |  4.7
Poison Magic   | 4 |  4.7
Stealth        | 2 3 |  3.3
Dodging        | 3 |  3.8
Short Blades   | 1 |  1.5
Fighting       | |  0.7

Action                     |  1- 3 |  4- 6 |  7- 9 || total
---------------------------+-------+-------+-------++-------
  Melee: Unarmed           |     1 |       |       ||     1
         Dagger            |    10 |    25 |    10 ||    45
   Cast: Foxfire           |    37 |    68 |     8 ||   113
         Scorch            |       |     5 |     1 ||     6
         Sting             |       |     3 |       ||     3
         Dazzling Flash    |       |       |     1 ||     1
         Flame Wave        |       |       |     1 ||     1
    Use: Potion            |       |       |     2 ||     2
   Stab: Sleeping          |       |     2 |       ||     2
 Armour: Robe              |     4 |     2 |     7 ||    13
  Dodge: Dodged            |     5 |    17 |    18 ||    40

Table legend: (Time is in decaauts)
 A = Elapsed time spent in this place.
 B = Non-inter-level travel time spent in this place.
 C = Inter-level travel time spent in this place.
 D = Time resting spent in this place.
 E = Time spent auto-exploring this place.
 F = Levels seen in this place.
 G = Mean time per level.
                   A        B        C        D        E       F      G
               +--------+--------+--------+--------+--------+-----+--------+
         Total |   2598 |   2509 |     89 |     97 |   1487 |   6 |  433.0 |
       Dungeon |   2574 |   2485 |     89 |     97 |   1487 |   5 |  514.8 |
        Temple |     24 |     24 |      0 |      0 |      0 |   1 |   24.0 |
               +--------+--------+--------+--------+--------+-----+--------+

Top non-repeatable levels by time:
     D:3: 1216 daAuts
     D:1: 586 daAuts
     D:2: 527 daAuts
     D:4: 229 daAuts
  Temple: 24 daAuts
     D:5: 14 daAuts
